 Dungeon Crawl Stone Soup version 0.28-a0-1389-gc726bef33b (webtiles) character file.

Game seed: 15513790182086983034

2526 enile the Fighter (level 9, -1/110 HPs)
             Began as an Ogre Wanderer on Jan 4, 2022.
             Slain by an orc knight (21 damage)
             ... in a bailey.
             The game lasted 00:17:12 (7732 turns).

enile the Fighter (Ogre Wanderer)                   Turns: 7732, Time: 00:17:16

Health: -1/110     AC:  4    Str: 22    XL:     9   Next: 54%
Magic:  11/11      EV: 10    Int: 12    God:
Gold:   205        SH:  0    Dex:  9    Spells: 10/10 levels left

rFire   . . .      SeeInvis +   s - +5 quarterstaff (chaos)
rCold   . . .      Faith    .   (shield currently unavailable)
rNeg    . . .      Spirit   .   e - +1 robe
rPois   .          Reflect  .   (helmet restricted)
rElec   .          Harm     .   (no cloak)
rCorr   .          Rampage  .   (gloves unavailable)
Will    .....                   (boots unavailable)
Stlth   ++........              (no amulet)
HPRegen 0.28/turn               m - ring of see invisible
MPRegen 0.12/turn               (no ring)

@: no status effects
A: large, unfitting armour, tough skin 1
a: no special abilities


You were in a bailey.
You visited 1 branch of the dungeon, and saw 7 of its levels.
You also visited: Bailey.

You collected 350 gold pieces.
You spent 145 gold pieces at shops.

Inventory:

Hand Weapons
 a - a +0 vorpal shortbow
 c - a +0 falchion
 k - a +0 short sword of speed
 o - a +2 quarterstaff of speed
 s - a +5 quarterstaff of chaos (weapon)
 B - a +1 hand axe of electrocution
Missiles
 b - 114 arrows
 f - 29 poisoned darts
 i - 21 stones
 w - 12 boomerangs
Armour
 e - a +1 robe (worn)
 n - a +0 ring mail
 t - a +0 cloak
Jewellery
 m - a ring of see invisible (left hand)
 x - an amulet of magic regeneration
 A - a ring of magical power
Scrolls
 g - 2 scrolls of vulnerability
 h - 2 scrolls of fear
 q - a scroll of enchant weapon
 r - a scroll of amnesia
 u - a scroll of blinking
 y - a scroll of fog
 C - a scroll of teleportation
Potions
 j - a potion of heal wounds
 l - 3 potions of curing
 p - a potion of resistance {unknown}
 z - 2 potions of lignification
 D - a potion of might {unknown}
Miscellaneous
 d - a piece from Xom's chessboard (2/15) (quivered)


   Skills:
 + Level 13.1 Fighting
 - Level 1.1 Long Blades
 - Level 5.0 Staves
 - Level 2.2 Bows
 - Level 4.0 Throwing
 - Level 3.0 Dodging
 - Level 2.0 Stealth
 - Level 1.4 Spellcasting
 - Level 1.1 Evocations


You had 10 spell levels left.
You didn't know any spells.
Your spell library contained the following spells:

 Spells                   Type           Power      Damage    Failure   Level
 Confusing Touch          Hex            0%         N/A       65%         3
 Yara's Violent Unravell  Hex/Tmut       0%         3d3       100%        5
 Enfeeble                 Hex            0%         N/A       100%        7


Dungeon Overview and Level Annotations

Branches:
Dungeon (7/15)             Temple (0/1) D:6          Bailey (1/1)

Altars:
Dithmenos
Makhleb
Zin

Shops:
D:5 *[[(((

Annotations:
D:5 4 transporters, Urgle's ghost, amateur DsBe Bailey exclusion: kobold


Innate Abilities, Weirdness & Mutations

You are too large for most types of armour.
You have tough skin. (AC +1)


Message History

w - 12 boomerangs (gained 2)
An orc knight comes into view. It is wielding a +0 war axe.
An orc knight is nearby!
You start resting.
An orc knight is nearby!
The orc knight shouts!
Throw: 31 darts (poison)
Press: ? - help, Q - select action, (/) - cycle Shift-Dir - straight line, f - orc knight
Aim: an orc knight, wielding a +0 war axe and wearing a +0 scale mail (58% to hit)
You throw a poisoned dart. The poisoned dart hits the orc knight!
The orc knight is poisoned.
Throw: 30 darts (poison)
Press: ? - help, Q - select action, (/) - cycle Shift-Dir - straight line, f/p - orc knight
Aim: an orc knight, wielding a +0 war axe and wearing a +0 scale mail (lightly wounded, very poisoned, 58% to hit)
You throw a poisoned dart. The poisoned dart hits the orc knight!
The orc knight looks as sick as possible!
The orc knight is lightly wounded.
Non-targeted evoke: piece from Xom's chessboard (5/15)
Press: ? - help, Q - select action, (/) - cycle Dir - look around, f - activate You make a move on Xom's chessboard...
The orc knight seems to speed up.
Non-targeted evoke: piece from Xom's chessboard (4/15)
Press: ? - help, Q - select action, (/) - cycle Dir - look around, f - activate You make a move on Xom's chessboard...
The orc knight easily resists.
The orc knight hits you with a +0 war axe!
Unknown command.
Non-targeted evoke: piece from Xom's chessboard (3/15)
Press: ? - help, Q - select action, (/) - cycle Dir - look around, f - activate You make a move on Xom's chessboard...
The orc knight twists and deforms.
The orc knight hits you with a +0 war axe.
Unknown command.
Press: ? - help, v - describe, . - travel
Here: an orc knight, wielding a +0 war axe and wearing a +0 scale mail (lightly wounded, fast, extremely poisoned, misshapen and mutated)
The floor.
You sock the orc knight!
The orc knight flickers and vanishes for a moment.
The orc knight is moderately wounded.
The orc knight hits you with a +0 war axe!!
* * * LOW HITPOINT WARNING * * *
The orc knight hits you with a +0 war axe!!
You die...

##.....####
##...####
###...##
##..(..##
##..()...##
#.........#
#....∩....#
#.o.......#
##@......##
###...###
#####


You could see an orc knight (fast, invisible, very poisoned, misshapen).

Vanquished Creatures
  A centaur zombie (D:6)
  A hornet (D:7)
  Sigmund (D:4)
  A water moccasin (D:4)
  3 ice beasts (D:5)
  4 orc warriors
  An ogre (D:5)
  A kobold brigand (D:7)
  A scorpion (D:3)
  2 water moccasin skeletons
  A bullfrog zombie (D:5)
  A jelly (D:6)
  A hound (D:6)
  Crazy Yiuf (D:4)
  2 orc priests
  4 iguanas
  Terence (D:2)
  Natasha (thrice) (D:4)
  3 orc wizards
  2 hound skeletons (D:4)
  8 gnolls
  A howler monkey skeleton (D:6)
  A river rat (D:5)
  5 adders
  A shadow imp (D:6)
  A white imp (D:6)
  An ufetubus (D:7)
  A worm (D:3)
  2 dart slugs (D:1)
  16 orcs
  6 endoplasms
  5 giant cockroaches
  11 goblins
  7 hobgoblins
  7 jackals
  6 quokkas
  8 ball pythons
  6 bats
  5 frilled lizards
  12 kobolds
  9 rats
154 creatures vanquished.

Vanquished Creatures (others)
  2 demonic plants (D:2)
  2 fungi (D:2)
  10 plants
  4 withered plants (D:2)
18 creatures vanquished.

Grand Total: 172 creatures vanquished

Notes
Turn   | Place    | Note
-------+----------+-------------------------------------------
     0 | D:1      | enile the Ogre Wanderer began the quest for the Orb.
     0 | D:1      | enile set off with the following items: a +0 vorpal
                  | shortbow, 19 arrows, a +0 falchion, a piece from Xom's
                  | chessboard (15/15), a +0 robe
     0 | D:1      | Reached XP level 1. HP: 24/24 MP: 2/2
   129 | D:1      | Reached XP level 2. HP: 32/32 MP: 4/4
   424 | D:1      | Reached XP level 3. HP: 41/41 MP: 5/5
   532 | D:1      | Reached skill level 5 in Fighting
  1106 | D:2      | Found a faded altar of an unknown god.
  1731 | D:2      | Noticed Terence
  1748 | D:2      | Killed Terence
  1749 | D:2      | Reached skill level 6 in Fighting
  1749 | D:2      | Reached XP level 4. HP: 12/52 MP: 6/6
  2335 | D:3      | Reached skill level 1 in Staves
  2370 | D:3      | HP: 2/52 [something/magic dart (6)]
  2683 | D:3      | Noticed a scorpion
  2693 | D:3      | Killed a scorpion
  2694 | D:3      | Reached XP level 5. HP: 61/61 MP: 7/7
  2704 | D:3      | Found a shadowy altar of Dithmenos.
  2788 | D:3      | Reached skill level 7 in Fighting
  3559 | D:3      | Reached XP level 6. HP: 45/72 MP: 8/8
  3821 | D:4      | Reached skill level 8 in Fighting
  3883 | D:4      | Found Zin's Purification Station.
  3885 | D:4      | Found a glowing silver altar of Zin.
  3889 | D:4      | Bought a potion of curing for 90 gold pieces
  3976 | D:4      | Noticed Natasha
  4001 | D:4      | Killed Natasha
  4094 | D:4      | Noticed Natasha
  4097 | D:4      | Killed Natasha
  4288 | D:4      | Noticed Sigmund
  4290 | D:4      | Noticed a water moccasin
  4299 | D:4      | Killed Sigmund
  4300 | D:4      | Reached skill level 9 in Fighting
  4300 | D:4      | Reached XP level 7. HP: 77/83 MP: 9/9
  4478 | D:4      | Noticed Natasha
  4483 | D:4      | Killed Natasha
  4792 | D:4      | Found a runed translucent door.
  4793 | D:4      | Noticed Crazy Yiuf
  4895 | D:4      | Killed Crazy Yiuf
  4896 | D:4      | Reached skill level 10 in Fighting
  4936 | D:5      | Entered Level 5 of the Dungeon
  4945 | D:5      | Found a transporter.
  4945 | D:5      | Found Mudatis's Weapon Shop.
  4951 | D:5      | Noticed a kobold demonologist
  4952 | D:5      | Noticed a wraith
  4964 | D:5      | Noticed a wraith
  5068 | D:5      | Found Quyfaxty's Weapon Emporium.
  5092 | D:5      | Found Souvao's Hydra Hut.
  5093 | D:5      | Noticed a six-headed hydra
  5099 | D:5      | Found a transporter.
  5113 | D:5      | Found a burning altar of Makhleb.
  5161 | D:5      | Reached XP level 8. HP: 61/93 MP: 10/10
  5248 | D:5      | Reached skill level 5 in Staves
  5339 | D:5      | Identified the +5 kite shield of Foricut {Dex+3}
  5364 | D:5      | Found Kyeceson's Armour Shop.
  5365 | D:5      | Found Nuqax's Antique Armour Shop.
  5466 | D:5      | Reached skill level 11 in Fighting
  5508 | D:5      | Found Puakus Vedu's General Store.
  5801 | D:5      | Bought a scroll of fog for 22 gold pieces
  5801 | D:5      | Bought a potion of lignification for 33 gold pieces
  5988 | D:5      | Found a transporter.
  5988 | D:5      | Found a transporter.
  5998 | D:5      | Noticed Urgle's ghost (amateur DsBe)
  6314 | D:6      | Reached skill level 1 in Stealth
  6370 | D:6      | Reached skill level 12 in Fighting
  6370 | D:6      | Reached XP level 9. HP: 44/106 MP: 11/11
  6995 | D:6      | Found a staircase to the Ecumenical Temple.
  7149 | D:6      | Identified the +4 scale mail "Iqinef" {+Inv rF- SInv}
  7322 | D:7      | Reached skill level 13 in Fighting
  7348 | D:7      | Noticed a hornet
  7369 | D:7      | Killed a hornet
  7394 | D:7      | Found a flagged portal.
  7404 | Bailey   | Entered a bailey
  7486 | Bailey   | Noticed an orc knight
  7496 | Bailey   | Noticed an orc knight
  7710 | Bailey   | Noticed an orc knight
  7732 | Bailey   | Slain by an orc knight

Illustrated notes

Levels and vault maps discovered:
D:1:      amcnicky_arrival_abandoned_market, layout_basic, serial_rivers,
          chequers_serial_rivers_room_b, chequers_serial_rivers_micro_a,
          chequers_serial_rivers_micro_e, chequers_serial_rivers_room_b,
          chequers_serial_rivers_micro_e, chequers_serial_rivers_small_3
D:2:      minmay_spotlight, layout_loops_corners, shapermc_ecumenical_altar_gd,
          uniq_terence
D:3:      layout_basic, nicolae_dithmenos_shadow_blocks, minmay_bisected
D:4:      kennysheep_the_goblin_king, layout_loops_ring, zin_purify,
          uniq_natasha, uniq_sigmund, uniq_crazy_yiuf_cottage
D:5:      nicolae_cairo_tiling, layout_cave_pools,
          gammafunk_temple_overflow_arena, serial_shops,
          nicolae_shop_bloodbath_and_beyond, shop, kennysheep_little_box, shop,
          nicolae_shop_advertising_works [nicolae_subvault_shop_adworks],
          gammafunk_ghost_gnarly_gnolls, gup_sewer_entry_spiral,
          doesnt_shop_hydraphobe
D:6:      layout_basic, minmay_temple_entry_antechambers
D:7:      layout_loops_ring, enter_bailey_2, palyth_stone_intersect
Bailey:   bailey_axe_4, bailey

Skill      XL: |  1  2  3  4  5  6  7  8  9 |
---------------+----------------------------+-----
Fighting       | 6 7 9 10 12 13 | 13.1
Staves         | 2 3 4 5 |  5.0
Dodging        | 2 3 |  3.0
Stealth        | 2 |  2.0
Throwing       | 4 |  4.0
Long Blades    | |  1.1
Bows           | |  2.2
Spellcasting   | |  1.4
Evocations     | |  1.1

Action                   |  1- 3 |  4- 6 |  7- 9 || total
-------------------------+-------+-------+-------++-------
Melee: Short sword       |    21 |       |       ||    21
       Quarterstaff      |     8 |   165 |   199 ||   372
 Fire: Shortbow          |    56 |       |       ||    56
Throw: Dart              |       |       |    26 ||    26
Evoke: Piece from Xom's  |     7 |    10 |    17 ||    34
  Use: Potion            |     3 |       |       ||     3
       Scroll            |       |     3 |     7 ||    10
 Stab: Sleeping          |     1 |       |     1 ||     2
       Petrified         |       |     5 |     4 ||     9
       Paralysed         |       |       |     9 ||     9
Armor: Robe              |    12 |    37 |    40 ||    89
Dodge: Dodged            |    15 |    41 |    81 ||   137

Table legend: (Time is in decaauts)
 A = Elapsed time spent in this place.
 B = Non-inter-level travel time spent in this place.
 C = Inter-level travel time spent in this place.
 D = Time resting spent in this place.
 E = Time spent auto-exploring this place.
 F = Levels seen in this place.
 G = Mean time per level.
                   A        B        C        D        E       F      G
               +--------+--------+--------+--------+--------+-----+--------+
         Total |   7755 |   7557 |    198 |    292 |   5661 |   8 |  969.4 |
       Dungeon |   7426 |   7228 |    198 |    281 |   5474 |   7 | 1060.9 |
        Bailey |    328 |    328 |      0 |     11 |    187 |   1 |  328.0 |
               +--------+--------+--------+--------+--------+-----+--------+

Top non-repeatable levels by time:
     D:3: 1645 daAuts
     D:5: 1354 daAuts
     D:4: 1138 daAuts
     D:2: 1095 daAuts
     D:1: 1025 daAuts
     D:6: 1011 daAuts
  Bailey: 328 daAuts
     D:7: 156 daAuts
